 Dungeon Crawl Stone Soup version 0.28.0-53-g5a82cb258f (webtiles) character file.

Game seed: 11433010104116563832

319 SanguineChosen the Chopper (level 6, -5/56 HPs)
             Began as a Minotaur Berserker on July 28, 2022.
             Was a Believer of Trog.
             Killed by divine providence
             ... invoked by an orc priest
              (9 damage)
             ... on level 5 of the Dungeon.
             The game lasted 00:12:58 (3148 turns).

SanguineChosen the Chopper (Minotaur Berserker)     Turns: 3148, Time: 00:12:59

Health: -5/56      AC:  8    Str: 24    XL:     6   Next: 21%
Magic:  5/5        EV: 10    Int:  4    God:    Trog [**....]
Gold:   10         SH:  0    Dex:  9    Spells: 5/5 levels left

rFire   . . .      SeeInvis .   a - +0 hand axe
rCold   . . .      Faith    .   (no shield)
rNeg    . . .      Spirit   .   l - +0 scale mail
rPois   .          Reflect  .   (helmet restricted)
rElec   .          Harm     .   c - +0 cloak
rCorr   .          Rampage  .   (no gloves)
Will    .....      Clarity  +   (no boots)
Stlth   ..........              (no amulet)
HPRegen 0.18/turn               (no ring)
MPRegen 0.09/turn               (no ring)

@: hasted (expiring), very quick
A: horns 2, retaliatory headbutt, clarity, MP-powered wands
a: Renounce Religion, Berserk, Trog's Hand


You were on level 5 of the Dungeon.
You worshipped Trog.
Trog was pleased with you.
You visited 1 branch of the dungeon, and saw 4 of its levels.

You collected 217 gold pieces.
You spent 207 gold pieces at shops.

Inventory:

Hand Weapons
 a - a +0 hand axe (weapon)
Missiles
 n - 3 poisoned darts (quivered)
Armour
 c - a +0 cloak (worn)
 l - a +0 scale mail (worn)
Scrolls
 e - 2 scrolls of teleportation
 r - a scroll of magic mapping
Potions
 b - a potion of flight {unknown}
 j - a potion of curing {unknown}
 q - a potion of lignification


   Skills:
 + Level 5.2 Fighting
 + Level 5.8 Axes
 + Level 4.4 Armour
 + Level 3.2 Dodging
 - Level 0.3 Stealth


You had 5 spell levels left.
You didn't know any spells.
Your spell library was empty.

Dungeon Overview and Level Annotations

Branches:
Dungeon (3/15)

Altars:
Makhleb

Shops:
D:3 *


Innate Abilities, Weirdness & Mutations

You have a pair of horns on your head.
You reflexively headbutt those who attack you in melee.
You possess an exceptional clarity of mind.
You expend magic power (3 MP) to strengthen your wands.


Message History

You hit something. Your headbutt misses something.
Your iguana barely misses the gnoll.
The gnoll hits you from afar with a +0 spear.
You slash something! Your headbutt misses something.
Your water moccasin skeleton bites the gnoll.
Something hits you but does no damage.
Something hits your water moccasin skeleton.
The gnoll hits your water moccasin skeleton with a +0 whip.
The gnoll sergeant hits you from afar with a +0 spear.
You hit something. Trog accepts your kill.
Trog appreciates your killing of a magic user.
Reactivating autopickup.
You feel a bit more experienced.
Your water moccasin skeleton bites the gnoll.
The gnoll dies!
Trog accepts your kill.
The gnoll hits you from afar with a +0 spear!
* * * LOW HITPOINT WARNING * * *
The gnoll barely misses your water moccasin skeleton.
Your bullfrog skeleton closely misses the gnoll.
Something hits your bullfrog skeleton.
The gnoll hits your bullfrog skeleton with a +0 spear.
Something closely misses your iguana.
Your bullfrog skeleton barely misses the gnoll.
It was a potion of mutation.
You feel extremely strange.
Your thoughts seem clearer.
You feel your magical essence link to the dungeon's wands.
Something hits your iguana but does no damage.
Something hits your bullfrog skeleton.
The gnoll sergeant hits you from afar with a +0 spear.
* * * LOW HITPOINT WARNING * * *
Your iguana bites the gnoll!
Your bullfrog skeleton barely misses the gnoll.
Found 17 gold pieces.
The gnoll barely misses your bullfrog skeleton.
Something hits your iguana.
The orc priest mumbles some strange prayers to Beogh against you.
Beogh smites you!
You die...

#....#####
###....#### #
#.........# #≈
#......o..#
##≈≈#....lg{..#
#≈≈≈≈..gZggZ..#
.K#≈≈≈≈######.##....
.K#≈≈≈≈ #..# . ##≈≈#
##@# #≈≈ #.....# #≈#
#...... ## #.......
#........
...........
$...........#
............#


You could see a gnoll sergeant, an orc priest, a gnoll (ally target), a friendly
iguana (summoned) and a friendly bullfrog skeleton (summoned).

Vanquished Creatures
  Sigmund (D:3)
  An orc priest (D:3)
  An orc wizard (D:5)
  3 gnolls
  An adder (D:2)
  2 worms
  3 dart slugs
  2 orcs (D:3)
  7 bats
  5 endoplasms
  2 giant cockroaches (D:2)
  5 goblins
  6 hobgoblins
  4 quokkas
  4 ball pythons
  4 frilled lizards
  5 kobolds
  3 rats
59 creatures vanquished.

Vanquished Creatures (collateral kills)
  A gnoll (D:5)
1 creature vanquished.

Grand Total: 60 creatures vanquished

Notes
Turn   | Place    | Note
-------+----------+-------------------------------------------
     0 | D:1      | SanguineChosen the Minotaur Berserker began the quest for
                  | the Orb.
     0 | D:1      | Reached XP level 1. HP: 19/19 MP: 0/0
   487 | D:1      | Found a faded altar of an unknown god.
   492 | D:1      | Reached XP level 2. HP: 27/27 MP: 1/1
  1099 | D:2      | Reached XP level 3. HP: 13/33 MP: 2/2
  1540 | D:2      | Reached ** piety under Trog
  1727 | D:2      | Found a burning altar of Makhleb.
  2191 | D:2      | Reached XP level 4. HP: 29/41 MP: 3/3
  2498 | D:3      | Reached skill level 5 in Axes
  2651 | D:3      | Noticed Sigmund
  2667 | D:3      | Killed Sigmund
  2668 | D:3      | Reached skill level 5 in Fighting
  2668 | D:3      | Reached XP level 5. HP: 36/48 MP: 4/4
  2668 | D:3      | Reached XP level 6. HP: 42/56 MP: 5/5
  2917 | D:3      | Found Goadior's General Store.
  2944 | D:3      | Bought a scroll of summoning for 123 gold pieces
  2944 | D:3      | Bought a potion of lignification for 39 gold pieces
  2944 | D:3      | Bought a scroll of magic mapping for 45 gold pieces
  3094 | D:3      | You fall into a shaft and drop 2 floors!
  3094 | D:5      | Entered Level 5 of the Dungeon
  3140 | D:5      | HP: 1/56 [orc priest/divine providence (10)]
  3147 | D:5      | Gained mutation: You possess an exceptional clarity of
                  | mind. [potion of mutation]
  3147 | D:5      | Gained mutation: You expend magic power (3 MP) to
                  | strengthen your wands. [potion of mutation]
  3148 | D:5      | Killed from afar by an orc priest

Illustrated notes

Levels and vault maps discovered:
D:1:      dpeg_arrival_simpleton_a, layout_basic,
          shapermc_ecumenical_altar_rom_forum
D:2:      layout_basic, basic_altar
D:3:      layout_rooms, serial_shops, shop_coins, grunt_ministairs_5,
          kennysheep_another_room, kennysheep_generic_room_9, uniq_sigmund
D:5:      cheibrodos_thug_alley, layout_basic

Skill      XL: |  1  2  3  4 |
---------------+-------------+-----
Axes           | 4 5 |  5.8
Fighting       | 4 5 |  5.2
Armour         | 4 |  4.4
Dodging        | 3 |  3.2
Stealth        | |  0.3

Action                   |  1- 3 |  4- 6 || total
-------------------------+-------+-------++-------
Melee: Hand axe          |    89 |    44 ||   133
       Headbutt          |     9 |     4 ||    13
Throw: Dart              |       |     3 ||     3
  Use: Scroll            |       |     8 ||     8
       Potion            |       |     3 ||     3
 Stab: Sleeping          |     1 |       ||     1
Armor: Animal skin       |    10 |       ||    10
       Scale mail        |     7 |    23 ||    30
Dodge: Dodged            |    56 |    19 ||    75
